TOP OF THE 1ST |
Maui Tropics batting - Pitching for New Orleans Looters : RHP Chris Martin
|
Pitching: RHP Chris Martin
|
|
Batting: RHB Matt Silver
|
0-0: Ball 1-0: Foul Ball, location: 2F 1-1: DOUBLE (Flyball, 9D)
|
Batting: RHB Luis Alou
|
0-0: Ball 1-0: Foul Ball, location: 2F 1-1: Foul Ball, location: 2F 1-2: Fly out, F6 (Line Drive, 56)
|
Batting: RHB Alonso Ramos
|
0-0: Ball 1-0: Fly out, F7 (Flyball, 78D)
|
Batting: RHB José Herrera
|
0-0: Ball 1-0: Foul Ball, location: 2F 1-1: Ball 2-1: Foul Ball, location: 2F 2-2: Strikes out swinging
|
Top of the 1st over - 0 run(s), 1 hit(s), 0 error(s), 1 left on base; Maui 0 - New Orleans 0 |
BOTTOM OF THE 1ST |
New Orleans Looters batting - Pitching for Maui Tropics : RHP Chuk-yan Zhuan
|
Pitching: RHP Chuk-yan Zhuan
|
|
Batting: RHB Rich Ruffin
|
0-0: Called Strike 0-1: Ground out 1-3 (Groundball, 15)
|
Batting: RHB Stephen Shaw
|
0-0: Ball 1-0: Ball 2-0: Swinging Strike 2-1: Ball 3-1: TRIPLE (Line Drive, 8RXD)
|
Batting: SHB Zach Franks
|
0-0: Ball 1-0: Called Strike 1-1: SINGLE (Groundball, 5D) Stephen Shaw scores
|
Batting: LHB Taylor Smith
|
0-0: Ball 1-0: Fly out, F2 (Popup, 25F)
|
Batting: RHB Francisco Ibarra
|
0-0: Called Strike 0-1: Swinging Strike 0-2: SINGLE (Line Drive, 89S) Zach Franks to second
|
Batting: SHB Nate Rhodes
|
0-0: Ball 1-0: Ball 2-0: Called Strike 2-1: Foul Ball, location: 2F 2-2: Ground out 3-1 (Groundball, 34S)
|
Bottom of the 1st over - 1 run(s), 3 hit(s), 0 error(s), 2 left on base; Maui 0 - New Orleans 1 |
TOP OF THE 2ND |
Maui Tropics batting - Pitching for New Orleans Looters : RHP Chris Martin
|
Batting: LHB Luis Antonio Torres
|
0-0: Called Strike 0-1: Ground out 4-3 (Groundball, 4)
|
Batting: LHB Anacleto Morillo
|
0-0: Called Strike 0-1: Ball 1-1: SINGLE (Line Drive, 78S)
|
Batting: RHB José Rodríguez
|
0-0: Called Strike 0-1: Grounds into double play, 6-4-3 (Groundball, 6)
|
Top of the 2nd over - 0 run(s), 1 hit(s), 0 error(s), 0 left on base; Maui 0 - New Orleans 1 |
BOTTOM OF THE 2ND |
New Orleans Looters batting - Pitching for Maui Tropics : RHP Chuk-yan Zhuan
|
Batting: SHB Oliver Deleón
|
0-0: Called Strike 0-1: Ball 1-1: Foul Ball, location: 2F 1-2: DOUBLE (Flyball, 8LXD)
|
Batting: RHB Dave O'Loan
|
0-0: Foul Ball, location: 2F 0-1: Ground out 5-3 (Groundball, 5)
|
Batting: RHB Ángel Castaneda
|
0-0: Ball 1-0: Foul Ball, location: 2F 1-1: SINGLE (Groundball, 56D) Oliver Deleón to third Runner from 3rd tries for Home, throw and OUT!
|
Batting: RHB Rich Ruffin
|
0-0: Ball 1-0: Ball 2-0: Ball 3-0: Foul Ball, location: 2F 3-1: Base on Balls Ángel Castaneda to second
|
Batting: RHB Stephen Shaw
|
0-0: Foul Ball, location: 2F 0-1: Ball 1-1: SINGLE (Groundball, 4MD) Ángel Castaneda to third Rich Ruffin to second Runner from 3rd tries for Home, SAFE, no throw or cutoff
|
Batting: SHB Zach Franks
|
0-0: Ball 1-0: Foul Ball, location: 2F 1-1: Ball 2-1: Foul Ball, location: 2F 2-2: Strikes out looking
|
Bottom of the 2nd over - 1 run(s), 3 hit(s), 0 error(s), 2 left on base; Maui 0 - New Orleans 2 |
TOP OF THE 3RD |
Maui Tropics batting - Pitching for New Orleans Looters : RHP Chris Martin
|
Batting: RHB Michael Woodruff
|
0-0: Ball 1-0: Fly out, F6 (Line Drive, 6)
|
Batting: RHB Eugene Gill
|
0-0: SINGLE (Groundball, 34D)
|
Batting: RHB Matt Silver
|
0-0: Ball 1-0: Foul Ball, location: 2F 1-1: Ball 2-1: Called Strike 2-2: Ball 3-2: Foul Ball, location: 2F 3-2: SINGLE (Flyball, 8LS) Eugene Gill to second Eugene Gill to third
|
Batting: RHB Luis Alou
|
0-0: SINGLE (Line Drive, 56D) Eugene Gill scores Matt Silver to second
|
Batting: RHB Alonso Ramos
|
0-0: Ball 1-0: Called Strike 1-1: Ground out 5-3 (Groundball, 56S) Matt Silver to third Luis Alou to second
|
Batting: RHB José Herrera
|
0-0: Foul Ball, location: 2F 0-1: SINGLE (Groundball, 6MD) Matt Silver scores Luis Alou to third Runner from 3rd tries for Home, SAFE, no throw or cutoff
|
Batting: LHB Luis Antonio Torres
|
0-0: Ball 1-0: Called Strike 1-1: Foul Ball, location: 2F 1-2: Strikes out looking
|
Top of the 3rd over - 3 run(s), 4 hit(s), 0 error(s), 1 left on base; Maui 3 - New Orleans 2 |
BOTTOM OF THE 3RD |
New Orleans Looters batting - Pitching for Maui Tropics : RHP Chuk-yan Zhuan
|
Batting: LHB Taylor Smith
|
0-0: Ball 1-0: Fly out, F4 (Popup, 34D)
|
Batting: RHB Francisco Ibarra
|
0-0: Called Strike 0-1: Ball 1-1: Ball 2-1: Swinging Strike 2-2: Ball 3-2: DOUBLE (Groundball, 5L)
|
Batting: SHB Nate Rhodes
|
0-0: DOUBLE (Line Drive, 9LM) Francisco Ibarra scores
|
Batting: SHB Oliver Deleón
|
0-0: Fly out, F7 (Flyball, 7LD)
|
Batting: RHB Dave O'Loan
|
0-0: Ball 1-0: SINGLE (Groundball, 56D) Nate Rhodes to third Runner from 3rd tries for Home, SAFE, no throw or cutoff
|
Batting: RHB Ángel Castaneda
|
0-0: Ball 1-0: Ball 2-0: Ground out 1-3 (Groundball, 13S)
|
Bottom of the 3rd over - 2 run(s), 3 hit(s), 0 error(s), 1 left on base; Maui 3 - New Orleans 4 |
TOP OF THE 4TH |
Maui Tropics batting - Pitching for New Orleans Looters : RHP Chris Martin
|
Batting: LHB Anacleto Morillo
|
0-0: Ball 1-0: Called Strike 1-1: Called Strike 1-2: Foul Ball, location: 2F 1-2: Strikes out swinging
|
Batting: RHB José Rodríguez
|
0-0: Ball 1-0: Ground out 4-3 (Groundball, 4)
|
Batting: RHB Michael Woodruff
|
0-0: Fly out, F9 (Flyball, 9S)
|
Top of the 4th over - 0 run(s), 0 hit(s), 0 error(s), 0 left on base; Maui 3 - New Orleans 4 |
BOTTOM OF THE 4TH |
New Orleans Looters batting - Pitching for Maui Tropics : RHP Chuk-yan Zhuan
|
Batting: RHB Rich Ruffin
|
0-0: Ball 1-0: Called Strike 1-1: Fly out, F8 (Line Drive, 8RM)
|
Batting: RHB Stephen Shaw
|
0-0: Foul Ball, location: 2F 0-1: DOUBLE (Line Drive, 7LS)
|
Batting: SHB Zach Franks
|
0-0: Ball 1-0: Foul Ball, location: 2F 1-1: Called Strike 1-2: 2-RUN HOME RUN (Flyball, 8RXD), Distance : 396 ft
|
Batting: LHB Taylor Smith
|
0-0: Called Strike 0-1: SINGLE (Line Drive, 5L)
|
Batting: RHB Francisco Ibarra
|
0-0: Called Strike 0-1: Grounds into double play, 5-4-3 (Groundball, 5)
|
Bottom of the 4th over - 2 run(s), 3 hit(s), 0 error(s), 0 left on base; Maui 3 - New Orleans 6 |
TOP OF THE 5TH |
Maui Tropics batting - Pitching for New Orleans Looters : RHP Chris Martin
|
Batting: RHB Eugene Gill
|
0-0: Ground out 5-3 (Groundball, 5S)
|
Batting: RHB Matt Silver
|
0-0: Ball 1-0: Called Strike 1-1: Ground out 6-3 (Groundball, 6)
|
Batting: RHB Luis Alou
|
0-0: Foul Ball, location: 2F 0-1: Fly out, F8 (Flyball, 8LM)
|
Top of the 5th over - 0 run(s), 0 hit(s), 0 error(s), 0 left on base; Maui 3 - New Orleans 6 |
BOTTOM OF THE 5TH |
New Orleans Looters batting - Pitching for Maui Tropics : RHP Chuk-yan Zhuan
|
Batting: SHB Nate Rhodes
|
0-0: Called Strike 0-1: Ground out 4-3 (Groundball, 34)
|
Batting: SHB Oliver Deleón
|
0-0: Called Strike 0-1: DOUBLE (Flyball, 8LD)
|
Batting: RHB Dave O'Loan
|
0-0: Ball 1-0: Ball 2-0: Ball 3-0: Called Strike 3-1: DOUBLE (Flyball, 8LXD) Oliver Deleón scores
|
Pitching: RHP César Rúbio
|
|
Batting: RHB Ángel Castaneda
|
0-0: Ball 1-0: 2-RUN HOME RUN (Line Drive, 7D), Distance : 364 ft
|
Batting: RHB Rich Ruffin
|
0-0: Ball 1-0: Ground out 6-3 (Groundball, 6M)
|
Batting: RHB Stephen Shaw
|
0-0: Ball 1-0: Ball 2-0: Swinging Strike 2-1: Foul Ball, location: 2F 2-2: DOUBLE (Flyball, 7D)
|
Batting: SHB Zach Franks
|
0-0: Reached on error, E1 (Groundball, 15S) Stephen Shaw scores
|
Batting: LHB Taylor Smith
|
0-0: Ball 1-0: Ball 2-0: Foul Ball, location: 2F 2-1: Called Strike 2-2: Ground out 3-1 (Groundball, 34)
|
Bottom of the 5th over - 4 run(s), 4 hit(s), 1 error(s), 1 left on base; Maui 3 - New Orleans 10 |
TOP OF THE 6TH |
Maui Tropics batting - Pitching for New Orleans Looters : RHP Chris Martin
|
Batting: RHB Alonso Ramos
|
0-0: Foul Ball, location: 2F 0-1: Foul Ball, location: 2F 0-2: Ball 1-2: Ball 2-2: Ball 3-2: Base on Balls
|
Batting: RHB José Herrera
|
0-0: Ball 1-0: Ball 2-0: Ball 3-0: 2-RUN HOME RUN (Flyball, 78XD), Distance : 384 ft
|
Batting: LHB Luis Antonio Torres
|
0-0: Ball 1-0: Ground out 6-3 (Groundball, 6)
|
Batting: LHB Anacleto Morillo
|
0-0: Called Strike 0-1: Ball 1-1: Swinging Strike 1-2: Ball 2-2: Strikes out swinging
|
Batting: RHB José Rodríguez
|
0-0: Ball 1-0: Ball 2-0: Fly out, F8 (Flyball, 8RXD)
|
Top of the 6th over - 2 run(s), 1 hit(s), 0 error(s), 0 left on base; Maui 5 - New Orleans 10 |
BOTTOM OF THE 6TH |
New Orleans Looters batting - Pitching for Maui Tropics : RHP César Rúbio
|
Batting: RHB Francisco Ibarra
|
0-0: Foul Ball, location: 2F 0-1: Ball 1-1: Ball 2-1: Ball 3-1: SINGLE (Line Drive, 6MD)
|
Batting: SHB Nate Rhodes
|
0-0: Ball 1-0: Foul Ball, location: 2F 1-1: Foul Ball, location: 2F 1-2: SINGLE (Groundball, 3S) (infield hit) Francisco Ibarra to second
|
Batting: SHB Oliver Deleón
|
0-0: Swinging Strike 0-1: Fly out, F9 (Line Drive, 9M)
|
Batting: RHB Dave O'Loan
|
0-0: Ball 1-0: Ball Throwing error on steal attempt, E2 Francisco Ibarra scores Nate Rhodes to third 2-0: Swinging Strike 2-1: Foul Ball, location: 2F 2-2: Foul Ball, location: 2F 2-2: Strikes out looking
|
Batting: RHB Ángel Castaneda
|
0-0: Ball 1-0: Ball 2-0: Called Strike 2-1: Foul Ball, location: 2F 2-2: Strikes out swinging
|
Bottom of the 6th over - 1 run(s), 2 hit(s), 1 error(s), 1 left on base; Maui 5 - New Orleans 11 |
TOP OF THE 7TH |
Maui Tropics batting - Pitching for New Orleans Looters : RHP Chris Martin
|
Batting: RHB Michael Woodruff
|
0-0: Called Strike 0-1: Ball 1-1: Foul Ball, location: 2F 1-2: Strikes out swinging
|
Batting: RHB Eugene Gill
|
0-0: Swinging Strike 0-1: Fly out, F3 (Line Drive, 3)
|
Batting: RHB Matt Silver
|
0-0: Ball 1-0: DOUBLE (Line Drive, 56D)
|
Batting: RHB Luis Alou
|
0-0: Called Strike 0-1: DOUBLE (Line Drive, 7LM) Matt Silver scores
|
Batting: RHB Alonso Ramos
|
0-0: Called Strike 0-1: Ball 1-1: Called Strike 1-2: TRIPLE (Line Drive, 89M) Luis Alou scores
|
Pitching: RHP Ricardo Pérez
|
|
Batting: RHB José Herrera
|
0-0: Ball 1-0: Fly out, F2 (Popup, 2LF)
|
Top of the 7th over - 2 run(s), 3 hit(s), 0 error(s), 1 left on base; Maui 7 - New Orleans 11 |
BOTTOM OF THE 7TH |
New Orleans Looters batting - Pitching for Maui Tropics : RHP César Rúbio
|
Pitching: RHP Todd Howell
|
|
Batting: RHB Rich Ruffin
|
0-0: Ball 1-0: Swinging Strike 1-1: Called Strike 1-2: Strikes out looking
|
Batting: RHB Stephen Shaw
|
0-0: Foul Ball, location: 2F 0-1: Called Strike 0-2: Ball 1-2: Ground out 5-3 (Groundball, 56)
|
Batting: SHB Zach Franks
|
0-0: Foul Ball, location: 2F 0-1: Ball 1-1: Ball 2-1: Ball 3-1: Ground out 4-3 (Groundball, 4)
|
Bottom of the 7th over - 0 run(s), 0 hit(s), 0 error(s), 0 left on base; Maui 7 - New Orleans 11 |
TOP OF THE 8TH |
Maui Tropics batting - Pitching for New Orleans Looters : RHP Ricardo Pérez
|
Batting: LHB Luis Antonio Torres
|
0-0: Called Strike 0-1: Ball 1-1: Foul Ball, location: 2F 1-2: Ball 2-2: SINGLE (Groundball, 6MD)
|
Batting: LHB Anacleto Morillo
|
0-0: Ball 1-0: SINGLE (Line Drive, 7LS) Luis Antonio Torres to second
|
Pitching: RHP Ienobu Sato
|
|
Batting: RHB José Rodríguez
|
0-0: Ball 1-0: Called Strike 1-1: Called Strike 1-2: Ball 2-2: Strikes out swinging
|
Batting: RHB Michael Woodruff
|
0-0: Foul Ball, location: 2F 0-1: Called Strike 0-2: Foul Ball, location: 2F 0-2: Strikes out looking
|
Batting: RHB Eugene Gill
|
0-0: Foul Ball, location: 2F 0-1: Foul Ball, location: 2F 0-2: Ball 1-2: Foul Ball, location: 2F 1-2: Strikes out swinging
|
Top of the 8th over - 0 run(s), 2 hit(s), 0 error(s), 2 left on base; Maui 7 - New Orleans 11 |
BOTTOM OF THE 8TH |
New Orleans Looters batting - Pitching for Maui Tropics : RHP Todd Howell
|
Now at C: Ximena Campos
|
|
Batting: LHB Taylor Smith
|
0-0: Foul Ball, location: 2F 0-1: Ball 1-1: Foul Ball, location: 2F 1-2: Foul Ball, location: 2F 1-2: Ball 2-2: Foul Ball, location: 2F 2-2: Ball 3-2: Base on Balls
|
Batting: RHB Francisco Ibarra
|
0-0: Called Strike 0-1: Ball 1-1: Ball 2-1: Swinging Strike 2-2: Fly out, F6 (Popup, 56D)
|
Batting: SHB Nate Rhodes
|
0-0: Foul Ball, location: 2F 0-1: Ball 1-1: Ball 2-1: Swinging Strike 2-2: Foul Ball, location: 2F 2-2: Foul Ball, location: 2F 2-2: Grounds out, U3 (Groundball, 3L)
|
Pitching: RHP Brandon Mitchell
|
|
Batting: SHB Oliver Deleón
|
0-0: Called Strike 0-1: Foul Ball, location: 2F 0-2: Foul Ball, location: 2F 0-2: Foul Ball, location: 2F 0-2: Foul Ball, location: 2F 0-2: Fly out, F7 (Line Drive, 78M)
|
Bottom of the 8th over - 0 run(s), 0 hit(s), 0 error(s), 1 left on base; Maui 7 - New Orleans 11 |
TOP OF THE 9TH |
Maui Tropics batting - Pitching for New Orleans Looters : RHP Ienobu Sato
|
Batting: RHB Matt Silver
|
0-0: Called Strike 0-1: Called Strike 0-2: Ball 1-2: Foul Ball, location: 2F 1-2: Ball 2-2: Ball 3-2: Strikes out swinging
|
Batting: RHB Luis Alou
|
0-0: Foul Ball, location: 2F 0-1: Fly out, F9 (Flyball, 9D)
|
Batting: RHB Alonso Ramos
|
0-0: Ball 1-0: Ground out 4-3 (Groundball, 4)
|
Top of the 9th over - 0 run(s), 0 hit(s), 0 error(s), 0 left on base; Maui 7 - New Orleans 11 |
|